 Dungeon Crawl Stone Soup version 0.18-a0-1788-g92de1ac (webtiles) character file.

47 Mefis the Magician (level 3, -2/22 HPs)
             Began as a High Elf Wizard on Apr 20, 2016.
             Slain by a gnoll
             ... wielding a +0 halberd
              (7 damage)
             ... on level 2 of the Dungeon.
             The game lasted 00:10:22 (1607 turns).

Mefis the Magician (High Elf Wizard)                Turns: 1607, Time: 00:10:23

Health: -2/22      AC:  2    Str:  6    XL:     3   Next: 48%
Magic:  1/10       EV: 12    Int: 23    God:
Gold:   116        SH:  0    Dex: 13    Spells: 5 memorised, 1 level left

rFire  . . .     SeeInvis .     k - +0 short sword (flame)
rCold  . . .     Gourm    .     a - +0 robe
rNeg   . . .     Faith    .     (no shield)
rPois  .         Spirit   .     b - +0 hat
rElec  .         Dismiss  .     (no cloak)
rCorr  .         Reflect  .     (no gloves)
SustAt .         Harm     .     (no boots)
MR     .....                    (no amulet)
Stlth  ++........               (no ring)
                                (no ring)

@: very slightly contaminated, repel missiles, not resistant to hostile
enchantments, unstealthy
A: no striking features
a: no special abilities


You were on level 2 of the Dungeon.
You were not hungry.

You visited 1 branch of the dungeon, and saw 2 of its levels.

You collected 116 gold pieces.

Inventory:

Hand Weapons
 i - a +0 dagger
 k - a +0 short sword of flaming (weapon)
Missiles
 g - 13 poisoned needles
Armour
 a - a +0 robe (worn)
 b - a +0 hat (worn)
Jewellery
 r - a cursed amulet of inaccuracy {unknown}
Scrolls
 h - a scroll of noise
 j - 2 scrolls of blinking
 n - a scroll of teleportation {unknown}
Potions
 e - a potion of curing
 f - 2 potions of degeneration {unknown}
 l - a potion of haste {unknown}
 m - a potion of beneficial mutation {unknown}
 p - a potion of might {unknown}
 q - a potion of cure mutation {unknown}
Books
 c - a book of Minor Magic

   Spells                             Type                      Level
   a - Magic Dart                     Conjuration                  1
   b - Blink                          Translocation                2
   c - Call Imp                       Summoning                    2
   d - Repel Missiles                 Charms/Air                   2
   e - Slow                           Hexes                        2
   f - Conjure Flame                  Conjuration/Fire             3
   g - Mephitic Cloud                 Conjuration/Poison/Air       3
Comestibles
 d - a bread ration
 o - 2 meat rations
 t - 3 chunks of flesh


   Skills:
 + Level 0.4 Fighting
 + Level 2.4 Dodging
 + Level 2.5 Stealth
 + Level 4.6 Spellcasting
 + Level 1.4 Conjurations
 + Level 0.2 Charms
 + Level 1.1 Summonings
 + Level 1.1 Translocations


You had one spell level left.
You knew the following spells:

 Your Spells              Type           Power        Failure   Level  Hunger
a - Magic Dart            Conj           ##..         6%          1    None
b - Call Imp              Summ           ##......     12%         2    None
c - Blink                 Tloc           N/A          12%         2    None
d - Repel Missiles        Chrm/Air       #.....       17%         2    None
e - Mephitic Cloud        Conj/Pois/Air  #.......     24%         3    ##.....


Dungeon Overview and Level Annotations

Branches:
Dungeon (2/15)

Altars:


Message History

Aim: a gnoll, wielding a halberd You miscast Mephitic Cloud.
Sparks of electricity dance between your hands.
The gnoll hits you from afar with a halberd!
Ouch! That really hurt!
There is an open door here.
Casting: Mephitic Cloud
Confirm with . or Enter, or press ? or * to list all spells.
A beastly little devil appears in a puff of flame.
The gnoll closely misses your crimson imp.
The gnoll hits your crimson imp!
Your crimson imp hits the gnoll.
The gnoll hits your crimson imp.
Your crimson imp hits the gnoll.
The gnoll dies!
An adder comes into view.
Something closely misses your crimson imp.
The adder closely misses you.
You miss the adder. The adder bites you.
* * * LOW HITPOINT WARNING * * *
The gnoll hits you from afar with a halberd!
You die...

.....#...........# .....#
.#........#.#.#..#####..#########
................................>
...(.)..).#.#.#..###.#.##.#######
....<.....#.#....###.#.##.#...#
.....)......#.##...#.#.##...)#
.#.#.#..#.###.####.#.#.####.##
...#...........S.#.#.#.# #.#
######..##.##.##@#.#.#.####.#
#.....##.##5....#......# ####
#..#####.####g#.....#### ...#
#..## #.# #.#.....# ...# #...#
#.# #†#.....# ...# #.#.## #.#
#.#.....# ...# #....# .#
#.'.....# ...# ###..## ###.....#
...# #.....# #.#####


You could see a gnoll, an adder and a friendly crimson imp.

Vanquished Creatures
  2 giant geckos
  A giant cockroach (D:1)
  3 goblins (D:1)
  7 hobgoblins
  2 jackals (D:2)
  A giant newt (D:1)
  2 kobolds
  4 rats (D:1)
22 creatures vanquished.

Vanquished Creatures (collateral kills)
  A gnoll (D:2)
  An adder (D:2)
  A dart slug (D:2)
  A giant cockroach (D:2)
  3 hobgoblins (D:1)
  2 jackals (D:2)
  A bat (D:2)
10 creatures vanquished.

Grand Total: 32 creatures vanquished

Notes
Turn   | Place    | Note
--------------------------------------------------------------
     0 | D:1      | Mefis the High Elf Wizard began the quest for the Orb.
     0 | D:1      | Reached XP level 1. HP: 11/11 MP: 6/6
   289 | D:1      | Reached skill level 4 in Spellcasting
   298 | D:1      | Reached XP level 2. HP: 16/18 MP: 1/8
   304 | D:1      | Learned a level 2 spell: Call Imp
   307 | D:1      | Learned a level 2 spell: Blink
   310 | D:1      | Learned a level 2 spell: Repel Missiles
  1260 | D:2      | Reached XP level 3. HP: 22/22 MP: 0/10
  1449 | D:2      | Learned a level 3 spell: Mephitic Cloud
  1522 | D:2      | Reached skill level 1 in Summonings
  1607 | D:2      | Slain by a gnoll

Vault maps used:
D:1:      minmay_arrival_split_and_join

Skill      XL: |  1  2  3 |
---------------+----------+-----
Spellcasting   | 4 |  4.6
Summonings     | 1 |  1.1
Fighting       | |  0.4
Dodging        | |  2.4
Stealth        | |  2.5
Conjurations   | |  1.4
Charms         | |  0.2
Translocations | |  1.1

Action                   || total
-------------------------++-------
Melee: Dagger            ||    20
       Unarmed           ||     5
       Short sword       ||    12
Throw: Javelin           ||     5
 Cast: Magic Dart        ||    39
       Call Imp          ||    11
       Repel Missiles    ||     2
       Mephitic Cloud    ||     2
  Use: Scroll            ||     4
 Stab: Sleeping          ||     3
       Confused          ||     1
  Eat: Chunk             ||     2
Armor: Robe              ||    10
Dodge: Dodged            ||    28
       Deflected         ||     1
